 Dungeon Crawl Stone Soup version 0.23.0 (webtiles) character file.

Game seed: 8874915257880203711

1402 coffee the Ruffian (level 8, 0/78 HPs)
             Began as a Troll Fighter on Feb 10, 2019.
             Was an Initiate of Makhleb.
             Slain by a killer bee (6 damage)
             ... on level 6 of the Dungeon.
             The game lasted 00:08:52 (5028 turns).

coffee the Ruffian (Troll Fighter)                  Turns: 5028, Time: 00:08:53

Health: 0/78       AC:  6    Str: 25    XL:     8   Next: 42%
Magic:  8/8        EV: 10    Int:  4    God:    Makhleb [......]
Gold:   365        SH: 10    Dex: 11    Spells: 7/7 levels left

rFire    + . .     SeeInvis .     - Unarmed
rCold    x . .     Gourm    +   b - +1 shield
rNeg     . . .     Faith    +   a - +0 robe
rPois    .         Spirit   .   (helmet restricted)
rElec    .         Reflect  .   q - scarf {cloud immunity}
rCorr    .         Harm     .   (gloves unavailable)
MR       .....                  (boots unavailable)
Stlth    +.........             y - amulet of faith
HPRegen  0.63/turn              f - ring of fire
MPRegen  0.11/turn              (no ring)

@: berserk cooldown, slowed, very slow
A: large, unfitting armour, claws 3, fast metabolism 3, gourmand, regeneration
1, shaggy fur 1, tough skin 3
a: Renounce Religion


You were on level 6 of the Dungeon.
You worshipped Makhleb.
Makhleb was noncommittal.
You were full.

You visited 2 branches of the dungeon, and saw 8 of its levels.

You collected 365 gold pieces.

Inventory:

Missiles
 l - 46 poisoned needles
 w - 9 tomahawks (quivered)
 A - 3 javelins
 D - 2 curare-tipped needles
Armour
 a - a +0 robe (worn)
 b - a +1 shield (worn)
 q - a scarf of cloud immunity (worn)
Jewellery
 f - a ring of fire (left claw)
 h - an uncursed amulet of rage
 y - an amulet of faith (around neck)
Wands
 v - a wand of polymorph (9)
Scrolls
 i - 8 scrolls of identify
 j - 2 scrolls of remove curse
 n - 2 scrolls of amnesia
 o - a scroll of enchant armour
 p - 7 scrolls of teleportation
 t - a scroll of random uselessness
 u - 3 scrolls of blinking {unknown}
 z - a scroll of fear {unknown}
 B - a scroll of vulnerability {unknown}
 C - a scroll of fog {unknown}
Potions
 c - 3 potions of might
 g - 3 potions of curing
 m - 2 potions of berserk rage
 r - 2 potions of haste {unknown}
 s - 3 potions of brilliance {unknown}
 x - a potion of flight {unknown}
Comestibles
 d - 11 rations


   Skills:
 + Level 3.8 Fighting
 + Level 2.8 Throwing
 * Level 5.0 Dodging
 + Level 3.8 Shields
 * Level 5.7 Unarmed Combat
 + Level 2.3 Evocations


You had 7 spell levels left.
You didn't know any spells.
Your spell library contained the following spells:

 Spells                   Type           Power        Failure   Level  Hunger
 Magic Dart               Conj           #...         86%         1    ##.....
 Blink                    Tloc           N/A          95%         2    ###....
 Call Imp                 Summ           #.......     95%         2    ###....
 Slow                     Hex            #.......     95%         2    ###....
 Conjure Flame            Conj/Fire      #.......     99%         3    ####...
 Mephitic Cloud           Conj/Pois/Air  #.......     99%         3    ####...


Dungeon Overview and Level Annotations

Branches:
Dungeon (7/15)             Temple (1/1) D:6

Altars:
Dithmenos
Elyvilon
Fedhas
Makhleb
Okawaru
Trog
Wu Jian

Shops:
D:7 *


Innate Abilities, Weirdness & Mutations

You are too large for most types of armour.
You have claws for hands.
Your metabolism is lightning-fast.
You like to eat raw meat.
Your natural rate of healing is unusually fast.
You are covered in fur. (AC +1)
You have extremely tough skin. (AC +3)


Message History

The killer bee misses you. The killer bee barely misses you.
The killer bee stings you but does no damage. x2
The crimson imp shouts, "Back with thee, thou jarring bat-fowling nothing!"
The crimson imp blinks!
The killer bee stings you.
* * * LOW HITPOINT WARNING * * *
You are more poisoned.
The killer bee poisons you! The killer bee stings you.
* * * LOW HITPOINT WARNING * * *
The killer bee closely misses you.
The crimson imp laughs crazily.
You climb upwards.
Reactivating autopickup.
* * * LOW HITPOINT WARNING * * *
You feel sick.
There is a stone staircase leading down here.
You feel better. You block the killer bee's attack. The killer bee stings you.
* * * LOW HITPOINT WARNING * * *
The killer bee barely misses you. You block the killer bee's attack.
The killer bee stings you.
You die...

......# ##......+....#.........
......# #..<#.##...........##.
......######...............##....
....................##.##.....##.
......#.##.##..#.###......##.....
......#.##.....)...........#.....
......#.##.###...########........
......#.##.# #.y.# #####..<.
.####.#.##.###..@## ###.###....
.# #.........#y8y## #..........
.######'##.........# #.#.###....
.##...).......8.>.8## #.#.# #...#
.##.................# #.#.###....
.##...........#.8.#.# #.#.....(.#
.##..............##.# #.#.###....
###.......#########.# #.......#.#
#.......# #.....# ###.....#.#


You could see 3 killer bees.

Vanquished Creatures
  Sigmund (D:3)
  An orc warrior (D:6)
  2 ice beasts (D:6)
  4 ogres
  A centaur (D:6)
  2 crimson imps (D:5)
  A bullfrog zombie (D:5)
  Crazy Yiuf (D:2)
  3 orc priests
  Natasha (thrice) (D:3)
  2 worker ants (D:5)
  4 gnolls (D:5)
  5 adders
  A shadow imp (D:6)
  3 worms (D:2)
  A dart slug (D:1)
  3 leopard geckos
  10 orcs
  A ball python (D:1)
  7 bats
  13 giant cockroaches
  4 hobgoblins
  6 jackals
  3 quokkas
  5 frilled lizards
  9 goblins
  A jackal zombie (D:5)
  5 kobolds
  A quokka skeleton (D:6)
  A quokka zombie (D:6)
  10 rats
  A fungus (D:2)
115 creatures vanquished.

Notes
Turn   | Place    | Note
-------+----------+-------------------------------------------
     0 | D:1      | coffee the Troll Fighter began the quest for the Orb.
     0 | D:1      | Reached XP level 1. HP: 22/22 MP: 0/0
   112 | D:1      | Reached XP level 2. HP: 14/29 MP: 1/1
   716 | D:2      | Found a blossoming altar of Fedhas.
   754 | D:2      | Reached XP level 3. HP: 27/36 MP: 2/2
   891 | D:2      | Reached XP level 4. HP: 41/44 MP: 3/3
  1111 | D:2      | You fall through a shaft for 2 floors!
  1390 | D:3      | Reached XP level 5. HP: 50/50 MP: 4/4
  1425 | D:3      | Reached skill level 1 in Throwing
  1532 | D:3      | Noticed Sigmund
  1555 | D:3      | Killed Sigmund
  1555 | D:3      | Reached skill level 1 in Evocations
  1555 | D:3      | Reached XP level 6. HP: 34/61 MP: 5/5
  1715 | D:3      | Noticed Natasha
  1728 | D:3      | Killed Natasha
  2163 | D:2      | Found a runed translucent door.
  2164 | D:2      | Noticed Crazy Yiuf
  2175 | D:2      | Killed Crazy Yiuf
  2555 | D:3      | Noticed Natasha
  2563 | D:3      | Killed Natasha
  3020 | D:4      | Reached XP level 7. HP: 67/67 MP: 7/7
  3370 | D:3      | Noticed Natasha
  3380 | D:3      | Killed Natasha
  3422 | D:5      | Entered Level 5 of the Dungeon
  4199 | D:6      | Reached skill level 5 in Unarmed Combat
  4336 | D:6      | Reached XP level 8. HP: 49/75 MP: 8/8
  4456 | D:6      | Found a staircase to the Ecumenical Temple.
  4909 | D:6      | Reached skill level 5 in Dodging
  4960 | Temple   | Entered the Ecumenical Temple
  4971 | Temple   | Became a worshipper of Makhleb the Destroyer
  4995 | D:7      | Found Asast's General Store.
  4995 | D:7      | Found a bloodstained altar of Trog.
  4995 | D:7      | Found a white marble altar of Elyvilon.
  4995 | D:7      | Found an iron altar of Okawaru.
  5026 | D:7      | HP: 2/78 [killer bee (2)]
  5028 | D:6      | Slain by a killer bee

Skill      XL: |  1  2  3  4  5  6  7  8 |
---------------+-------------------------+-----
Unarmed Combat | 3 4 5 |  5.7
Dodging        | 3 4 5 |  5.0
Throwing       | 1 2 |  2.8
Fighting       | 3 |  3.8
Shields        | 3 |  3.8
Evocations     | 1 2 |  2.3

Action                   |  1- 3 |  4- 6 |  7- 9 || total
-------------------------+-------+-------+-------++-------
Melee: Unarmed           |    85 |   156 |   115 ||   356
  Use: Scroll            |       |       |     8 ||     8
       Potion            |       |       |     4 ||     4
 Stab: Sleeping          |     1 |     1 |       ||     2
  Eat: Chunk             |    11 |    17 |    20 ||    48
Armor: Robe              |    26 |    56 |    49 ||   131
Dodge: Dodged            |    30 |    59 |    57 ||   146
Block: Shield            |    41 |    57 |    86 ||   184
